 Dungeon Crawl Stone Soup version 0.29.1-2-gbd0b4ee654 (webtiles) character file.

Game seed: 15411002310254760271

2205 fleeber the Thaumaturge (level 9, -7/45 HPs)
             Began as a Deep Elf Conjurer on Nov 5, 2022.
             Mangled by an orc warrior
             ... wielding a +0 morningstar
              (15 damage)
             ... on level 6 of the Dungeon.
             The game lasted 00:36:23 (8772 turns).

fleeber the Thaumaturge (Deep Elf Conjurer)         Turns: 8772, Time: 00:36:23

Health: -7/45      AC:  8    Str:  4    XL:     9   Next: 12%
Magic:  17/34      EV: 12    Int: 34    God:
Gold:   357        SH:  0    Dex: 16    Spells: 19/28 levels left

rFire   . . .      SeeInvis .   e - +2 short sword (drain)
rCold   . . .      Faith    .   (no shield)
rNeg    . . .      Spirit   .   a - +0 robe
rPois   .          Reflect  .   p - +2 helmet
rElec   .          Harm     .   (no cloak)
rCorr   .          Rampage  .   A - +2 pair of gloves {Dex+3}
Will    .....                   (no boots)
Stlth   ++........              v - amulet of regeneration
HPRegen 0.95/turn               g - +6 ring of intelligence
MPRegen 0.24/turn               h - ring of magical power

@: hasted, very quick
A: no striking features
a: no special abilities


You were on level 6 of the Dungeon.
You visited 1 branch of the dungeon, and saw 7 of its levels.

You collected 393 gold pieces.
You spent 36 gold pieces at shops.

Inventory:

Hand Weapons
 e - a +2 short sword of draining (weapon)
Armour
 a - a +0 robe (worn)
 p - a +2 helmet (worn)
 A - a +2 pair of gloves of dexterity (worn)
Jewellery
 g - a +6 ring of intelligence (left hand)
 h - a ring of magical power (right hand)
 m - a ring of ice
 v - an amulet of regeneration (around neck)
 z - a +4 ring of protection
Wands
 o - a wand of light (12)
 C - a wand of flame (23)
Scrolls
 i - a scroll of amnesia
 n - 4 scrolls of noise
 q - 2 scrolls of fear
 s - a scroll of magic mapping
 u - a scroll of enchant armour {unknown}
 w - a scroll of poison {unknown}
 y - a scroll of fog {unknown}
 B - a scroll of immolation {unknown}
Potions
 b - 2 potions of magic
 f - 2 potions of might {unknown}
 j - 9 potions of curing
 k - 3 potions of lignification {unknown}
 l - a potion of invisibility {unknown}
 r - a potion of resistance {unknown}
 t - a potion of degeneration {unknown}


   Skills:
 - Level 2.4 Dodging
 - Level 2.4 Stealth
 + Level 10.2 Spellcasting
 + Level 9.3 Conjurations
 + Level 6.3 Earth Magic


You had 19 spell levels left.
You knew the following spells:

 Your Spells              Type           Power      Damage    Failure   Level
a - Magic Dart            Conj           100%       1d8       1%          1
b - Searing Ray           Conj           100%       2d8       1%          2
c - Iron Shot             Conj/Erth      31%        9d6       16%         6

Your spell library contained the following spells:

 Spells                   Type           Power      Damage    Failure   Level
 Dazzling Flash           Conj/Hex       98%        N/A       1%          3
 Sting                    Tmut/Pois      68%        1d6       2%          1
 Fulminant Prism          Conj/Hex       24%        3d13      3%          4
 Iskenderun's Mystic Bla  Conj/Tloc      49%        2d11      3%          4
 Poisonous Vapours        Pois/Air       34%        N/A       4%          2
 Animate Armour           Summ/Erth      76%        N/A       7%          4
 Anguish                  Hex/Necr       8%         N/A       26%         4
 Olgreb's Toxic Radiance  Pois           17%        N/A       26%         4
 Blade Hands              Tmut           8%         N/A       58%         5
 Enfeeble                 Hex            8%         N/A       100%        7


Dungeon Overview and Level Annotations

Branches:
Dungeon (7/15)             Temple (0/1) D:4

Altars:
Fedhas
Nemelex Xobeh

Shops:
D:3 !=*   D:7 !

Annotations:
D:2 Sigmund


Message History

Casting: Magic Dart (safe; 1% risk of failure)
Confirm with . or Enter, or press ? or * to list all spells.
Aiming: Magic Dart (safe; 1% risk of failure)
Press: ? - help, Shift-Dir - straight line, f/p - orc warrior
Aim: an orc warrior, wielding a +0 morningstar and wearing a +0 plate armour (severely wounded, 100% to hit)
The magic dart hits the orc warrior but does no damage.
The orc warrior is severely wounded.
Casting: Magic Dart (safe; 1% risk of failure)
Confirm with . or Enter, or press ? or * to list all spells.
Aiming: Magic Dart (safe; 1% risk of failure)
Press: ? - help, Shift-Dir - straight line, f/p - orc warrior
Aim: an orc warrior, wielding a +0 morningstar and wearing a +0 plate armour (severely wounded, 100% to hit)
The magic dart hits the orc warrior but does no damage.
The orc warrior is severely wounded.
The orc warrior hits you with a +0 morningstar!
Casting: Magic Dart (safe; 1% risk of failure)
Confirm with . or Enter, or press ? or * to list all spells.
Aiming: Magic Dart (safe; 1% risk of failure)
Press: ? - help, Shift-Dir - straight line, f/p - orc warrior
Aim: an orc warrior, wielding a +0 morningstar and wearing a +0 plate armour (severely wounded, 100% to hit)
The magic dart hits the orc warrior.
The orc warrior is almost dead.
The orc warrior hits you with a +0 morningstar!
* * * LOW HITPOINT WARNING * * *
Casting: Magic Dart (safe; 1% risk of failure)
Confirm with . or Enter, or press ? or * to list all spells.
Aiming: Magic Dart (safe; 1% risk of failure)
Press: ? - help, Shift-Dir - straight line, f/p - orc warrior
Aim: an orc warrior, wielding a +0 morningstar and wearing a +0 plate armour (almost dead, 100% to hit)
The magic dart hits the orc warrior.
The orc warrior is almost dead.
Casting: Magic Dart (safe; 1% risk of failure)
Confirm with . or Enter, or press ? or * to list all spells.
Aiming: Magic Dart (safe; 1% risk of failure)
Press: ? - help, Shift-Dir - straight line, f/p - orc warrior
Aim: an orc warrior, wielding a +0 morningstar and wearing a +0 plate armour (almost dead, 100% to hit)
The magic dart hits the orc warrior but does no damage.
The orc warrior is almost dead.
The orc warrior hits you with a +0 morningstar!
You die...

###......# #....#
####...# ########.##.#
#...#####........##.#
##........#########.##
#...###.............#
##...###.############
#.#.)..........#
######..#.#.#######.#
#.....#.o@#...#..##.#
#.###.#######.#..##.#
#.# #...<...#.#..##.#
##### #.#
####.##.#.#.....#
....# #.#
#.##.#.#.##### ###.#
#.######.##.....# #.#
#........#....#.#
#†#############.##.###
#...............####


You could see an orc warrior.

Vanquished Creatures
  5 yaks
  2 kobold brigands
  A necrophage (D:5)
  An elf zombie (D:5)
  4 elf skeletons (D:5)
  3 bullfrogs
  2 scorpions (D:5)
  A human zombie (D:5)
  A hound (D:5)
  4 jellies
  An orc priest (D:4)
  2 iguanas (D:5)
  2 human skeletons (D:5)
  Natasha (twice) (D:2)
  Robin (D:2)
  20 adders
  A river rat (D:4)
  2 white imps
  2 ufetubi
  A dart slug (D:4)
  3 orcs
  8 ball pythons
  4 endoplasms
  10 giant cockroaches
  8 goblins
  12 hobgoblins
  6 quokkas
  2 bats (D:1)
  5 frilled lizards
  17 kobolds
  2 orc skeletons (D:5)
  An orc zombie (D:5)
  7 rats
143 creatures vanquished.

Vanquished Creatures (others)
  6 fungi (D:2)
  5 plants (D:2)
11 creatures vanquished.

Grand Total: 154 creatures vanquished

Notes
Turn   | Place    | Note
-------+----------+-------------------------------------------
     0 | D:1      | fleeber the Deep Elf Conjurer began the quest for the Orb.
     0 | D:1      | Reached XP level 1. HP: 10/10 MP: 6/6
   333 | D:1      | Reached XP level 2. HP: 15/15 MP: 3/8
   825 | D:1      | Reached skill level 4 in Spellcasting
   860 | D:1      | Learned a level 2 spell: Searing Ray
   967 | D:1      | Reached XP level 3. HP: 19/19 MP: 8/10
  1130 | D:2      | Reached skill level 5 in Conjurations
  1194 | D:2      | You fall into a shaft and drop 2 floors!
  1260 | D:4      | Found a staircase to the Ecumenical Temple.
  1403 | D:3      | Found Culapnai's Jewellery Boutique.
  1479 | D:3      | Reached XP level 4. HP: 24/24 MP: 8/12
  1588 | D:3      | Reached skill level 5 in Spellcasting
  2053 | D:2      | Noticed Robin
  2074 | D:2      | Killed Robin
  2075 | D:2      | Reached XP level 5. HP: 19/28 MP: 7/14
  2347 | D:2      | Found a faded altar of an unknown god.
  2543 | D:2      | Noticed Natasha
  2547 | D:2      | Killed Natasha
  2691 | D:2      | Noticed Sigmund
  2706 | D:2      | Noticed Natasha
  2711 | D:2      | Killed Natasha
  2712 | D:2      | Reached skill level 6 in Spellcasting
  3175 | D:3      | Found Lefuf's General Store.
  3567 | D:3      | Found Gegrirat's Distillery.
  3572 | D:3      | Bought a potion of curing for 36 gold pieces
  3909 | D:4      | Reached XP level 6. HP: 32/32 MP: 17/17
  4117 | D:4      | Learned a level 6 spell: Iron Shot
  4194 | D:4      | Found a blossoming altar of Fedhas.
  4695 | D:5      | Entered Level 5 of the Dungeon
  5109 | D:5      | Reached skill level 7 in Spellcasting
  5109 | D:5      | Reached skill level 1 in Earth Magic
  5469 | D:5      | Reached XP level 7. HP: 33/36 MP: 19/19
  6016 | D:5      | Reached skill level 8 in Spellcasting
  6332 | D:5      | Reached XP level 8. HP: 41/41 MP: 20/22
  7424 | D:6      | Found a sparkling altar of Nemelex Xobeh.
  7434 | D:6      | Reached skill level 9 in Spellcasting
  7507 | D:6      | Reached skill level 5 in Earth Magic
  8137 | D:5      | Reached skill level 10 in Spellcasting
  8137 | D:5      | Reached XP level 9. HP: 13/45 MP: 21/25
  8661 | D:7      | Found Cohips's Distillery.
  8772 | D:6      | Mangled by an orc warrior

Illustrated notes

Levels and vault maps discovered:
D:1:      minmay_arrival_arboretum_small, layout_basic, chequers_jeans,
          minmay_pentomino_q4
D:2:      layout_loops_corners, shapermc_ecumenical_altar_mp_urbaneastern,
          uniq_sigmund, uniq_robin, uniq_natasha
D:3:      layout_basic, serial_shops, nicolae_shop_statue_plus,
          nicolae_shop_waterfront, shop, minmay_snake_closets
D:4:      layout_cave_pools, mainiacjoe_overflow_six_doors_small,
          minmay_temple_entry_mini_moons, gup_sewer_entry_spiral
D:5:      layout_loops_corners, nicolae_ossuary_entry_catacombs
D:6:      layout_basic, kennysheep_mini_moat, chequers_avenue
D:7:      lemuel_bear_cage, layout_rooms, serial_shops, nicolae_lakefront_shop,
          enter_bailey_2

Skill      XL: |  1  2  3  4  5  6  7  8 |
---------------+-------------------------+-----
Spellcasting   | 4 5 6 7 8 10 | 10.2
Conjurations   | 5 6 7 9 |  9.3
Earth Magic    | 2 4 6 |  6.3
Dodging        | |  2.4
Stealth        | |  2.4

Action                   |  1- 3 |  4- 6 |  7- 9 || total
-------------------------+-------+-------+-------++-------
Melee: Unarmed           |    16 |       |       ||    16
 Cast: Magic Dart        |    64 |   190 |   299 ||   553
       Searing Ray       |       |     1 |     1 ||     2
  Use: Scroll            |     2 |     4 |     6 ||    12
       Potion            |       |       |     2 ||     2
Armor: Robe              |     3 |    14 |    35 ||    52
Dodge: Dodged            |    16 |    28 |    76 ||   120
